 Dungeon Crawl Stone Soup version 0.31-a0-75-g6fe912e8c5 (webtiles) character file.

Game seed: 8813552161803839674

1590306 Flugkiller the Metallomancer (level 27, 165/165 HPs)
             Began as a Kobold Fire Elementalist on May 23, 2023.
             Was a High Priest of Ashenzari.
             Escaped with the Orb
             ... and 3 runes on May 24, 2023!
             The game lasted 02:07:20 (70458 turns).

Flugkiller the Metallomancer (KoFE)                Turns: 70458, Time: 02:07:21

Health: 165/165    AC:  9    Str:  5    XL:     27
Magic:  51/51      EV: 30    Int: 36    God:    Ashenzari [*****.]
Gold:   2063       SH:  0    Dex: 24    Spells: 19/74 levels left

rFire   + + .        X - staff of conjuration "Urgency of Ashenzari" (curse) {Bglg, Evo} (curse)
rCold   + + +        (shield currently unavailable)
rNeg    . . .        l - +0 leather armour of Ashenzari's Autotheism {rC+ Int+7, Melee, Elem} (curse)
rPois   .            u - +3 crown of Dyrovepreva {rElec Int+2 SInv, Alch, Elem} (curse)
rElec   +            B - scarf of Cremastomancy {rC+ rF+, Elem, Cun} (curse)
rCorr   .            U - +1 pair of gloves of the Ensconced Gloom {Dex+3, Cun, Comp} (curse)
SInv    +            i - +0 pair of boots of the Orcish Mines {Will+ Int+2}
Will    ++++.        C - amulet of the Wild Blue Yonder {RegenMP rC+, Self, Elem} (curse)
Stlth   ++           m - ring "Perceptive Seer" {Will+, Self, Elem} (curse)
HPRegen 1.27/turn    Z - ring of Supernal Gnosis {rF+, Elem, Comp} (curse)
MPRegen 0.72/turn

%: clarity
@: hasted, very quick
A: small, no large weapons, nightstalker 3, regeneration 1, evolution 1
0: Orb of Zot
}: 3/15 runes: decaying, slimy, gossamer
a: Renounce Religion, Curse Item, Shatter the Chains


You escaped.
You worshipped Ashenzari.
Ashenzari was extremely pleased with you.
You visited 10 branches of the dungeon, and saw 48 of its levels.
You visited 1 bazaar.
You also visited: Ice Cave, Volcano and Wizlab.

You collected 6263 gold pieces.
You spent 4200 gold pieces at shops.

Inventory:

Missiles
 r - 8 curare-tipped darts (quivered)
 N - 14 throwing nets
Armour
 i - the +0 pair of boots of the Orcish Mines (worn) {Will+ Int+2}
   (You bought it in a shop on level 2 of the Orcish Mines)

   Int:       It affects your intelligence (+2).
   Will:      It increases your willpower.
 l - the cursed +0 leather armour of Ashenzari's Autotheism (worn) {rC+ Int+7, Melee, Elem}
   (You found it on level 2 of the Dungeon)

   Int:       It affects your intelligence (+7).
   rC:        It protects you from cold.
   It has a curse which improves the following skills: Melee Combat: Short
   Blades, Long Blades, Axes, Maces & Flails, Polearms, Staves and Unarmed
   Combat.
   Elements:  Fire Magic, Ice Magic, Air Magic and Earth Magic.
 u - the cursed +3 crown of Dyrovepreva (worn) {rElec Int+2 SInv, Alch, Elem}
   (You bought it in a shop on level 2 of the Orcish Mines)

   Int:       It affects your intelligence (+2).
   rElec:     It insulates you from electricity.
   SInv:      It lets you see invisible.
   It has a curse which improves the following skills: Alchemy: Poison Magic and
   Transmutations.
   Elements:  Fire Magic, Ice Magic, Air Magic and Earth Magic.
 B - the cursed scarf of Cremastomancy (worn) {rC+ rF+, Elem, Cun}
   (You bought it in a shop on level 10 of the Dungeon)

   It has a curse which improves the following skills: Elements: Fire Magic, Ice
   Magic, Air Magic and Earth Magic.
   Cunning:   Dodging and Stealth.
 U - the cursed +1 pair of gloves of the Ensconced Gloom (worn) {Dex+3, Cun, Comp}
   (You found it in a volcano)

   It has a curse which improves the following skills: Cunning: Dodging and
   Stealth.
   Companions: Summonings and Necromancy.
Magical Staves
 X - the cursed staff of conjuration "Urgency of Ashenzari" (weapon) {Bglg, Evo}
   (You found it on level 5 of the Dungeon)

   [staff of conjuration]

   Base accuracy: +5 Base damage: 5 Base attack delay: 1.2 This weapon's minimum
   attack delay (0.6) is reached at skill level 12.
   It falls into the 'Staves' category.
   It is a two-handed weapon.
   It has a curse which improves the following skills: Beguiling: Conjurations,
   Hexes and Translocations.
   Evocations: Evocations.
Jewellery
 c - a ring of protection from cold
   (You took it off a deep elf sorcerer on level 3 of the Elven Halls)
 f - a ring of protection from fire
   (You took it off a deep elf pyromancer on level 3 of the Elven Halls)
 m - the cursed ring "Perceptive Seer" (left hand) {Will+, Self, Elem}
   (You found it on level 5 of the Pits of Slime)

   [ring of willpower]

   Will:      It increases your willpower.
   It has a curse which improves the following skills: Introspection: Fighting
   and Spellcasting.
   Elements:  Fire Magic, Ice Magic, Air Magic and Earth Magic.
 p - a +4 ring of protection
   (You found it on level 2 of the Elven Halls)
 s - a +6 ring of strength
   (You found it on level 5 of the Realm of Zot)
 C - the cursed amulet of the Wild Blue Yonder (around neck) {RegenMP rC+, Self, Elem}
   (You found it on level 5 of the Dungeon)

   [amulet of magic regeneration]

   It increases your rate of magic regeneration.
   rC:        It protects you from cold.
   It has a curse which improves the following skills: Introspection: Fighting
   and Spellcasting.
   Elements:  Fire Magic, Ice Magic, Air Magic and Earth Magic.
 Z - the cursed ring of Supernal Gnosis (right hand) {rF+, Elem, Comp}
   (You found it on level 10 of the Dungeon)

   [ring of protection from fire]

   rF:        It protects you from fire.
   It has a curse which improves the following skills: Elements: Fire Magic, Ice
   Magic, Air Magic and Earth Magic.
   Companions: Summonings and Necromancy.
Wands
 g - a wand of digging (15)
   (You found it on level 3 of the Elven Halls)
 D - a wand of mindburst (72)
   (You found it on level 8 of the Dungeon)
 G - a wand of paralysis (34)
   (You found it on level 8 of the Dungeon)
 I - a wand of polymorph (25)
   (You bought it in a shop on level 8 of the Dungeon)
 P - a wand of iceblast (30)
   (You found it on level 6 of the Dungeon)
 R - a wand of flame (95)
   (You found it on level 11 of the Dungeon)
 V - a wand of acid (29)
   (You found it on level 8 of the Dungeon)
Scrolls
 a - 4 scrolls of amnesia
 e - 6 scrolls of magic mapping
 j - a scroll of enchant armour
 k - 11 scrolls of poison
 t - 9 scrolls of teleportation
 x - 8 scrolls of immolation
 y - 4 scrolls of vulnerability
 F - a scroll of butterflies
 S - 9 scrolls of fog
 Y - 3 scrolls of fear
Potions
 b - 3 potions of magic
 d - 9 potions of might
 n - 5 potions of resistance
 o - 4 potions of lignification
 q - 8 potions of curing
 v - 3 potions of brilliance
 w - a potion of heal wounds
 E - a potion of invisibility
 H - 3 potions of ambrosia
 K - a potion of cancellation
 M - 8 potions of enlightenment
 O - 6 potions of attraction
 T - 2 potions of mutation
Miscellaneous
 J - a condenser vane
   (You found it on level 1 of the Lair of Beasts)
 W - a phial of floods
   (You found it on level 3 of the Lair of Beasts)


   Skills:
 - Level 11.9(15.0) Fighting
 - Level 3.2(5.1) Short Blades
 - Level 9.8(12.0) Staves
 - Level 15.9(19.0) Dodging
 - Level 2.6(5.2) Stealth
 + Level 21.5(24.2) Spellcasting
 - Level 19.5(21.4) Conjurations
 - Level 10.4(13.6) Summonings
 - Level 3.7(5.7) Transmutations
 - Level 10.0(16.6) Fire Magic
 - Level 15.0(21.6) Air Magic
 - Level 21.5(27) Earth Magic
 - Level 11.9(14.0) Evocations


You had 19 spell levels left.
You knew the following spells:

 Your Spells              Type           Power      Damage    Failure   Level
a - Foxfire               Conj/Fire      100%       2x1d9     0%          1
b - Scorch                Fire           100%       2d9       0%          2
c - Flame Wave            Conj/Fire      100%       2d21      0%          4
d - Lehudib's Crystal Sp  Conj/Erth      69%        10d16     1%          8
e - Spellforged Servitor  Conj/Summ      61%        N/A       1%          7
f - Maxwell's Capacitive  Air            57%        ∞         1%          8
g - Plasma Beam           Fire/Air       51%        2x1d72    1%          6
h - Shatter               Erth           63%        3d47*     1%          9
i - Irradiate             Conj/Tmut      54%        3d29      1%          5
r - Blink                 Tloc           90%        N/A       1%          2
w - Swiftness             Air            100%       N/A       0%          3

Your spell library contained the following spells:

 Spells                   Type           Power      Damage    Failure   Level
 Magic Dart               Conj           100%       1d8       0%          1
 Sandblast                Erth           100%       2d20      0%          1
 Shock                    Conj/Air       100%       1d9       0%          1
 Summon Small Mammal      Summ           100%       N/A       0%          1
 Call Imp                 Summ           100%       N/A       0%          2
 Passwall                 Tmut/Erth      80%        N/A       0%          2
 Stone Arrow              Conj/Erth      100%       3d13      0%          3
 Airstrike                Air            57%        2d(9-25)  0%          4
 Animate Armour           Summ/Erth      100%       N/A       0%          4
 Sticky Flame             Conj/Fire      100%       2d11      0%          4
 Arcjolt                  Conj/Air       66%        1d76      0%          5
 Lee's Rapid Deconstruct  Erth           63%        3d29*     0%          5
 Apportation              Tloc           90%        N/A       1%          1
 Necrotise                Necr           100%       1d9       1%          1
 Cigotuvi's Dreadful Rot  Necr/Pois/Air  100%       N/A       1%          2
 Lesser Beckoning         Tloc           90%        N/A       1%          2
 Momentum Strike          Conj/Tloc      100%       3d10      1%          2
 Poisonous Vapours        Pois/Air       100%       N/A       1%          2
 Ignite Poison            Fire/Tmut/Pois 62%        N/A       1%          3
 Inner Flame              Hex/Fire       70%        N/A       1%          3
 Mephitic Cloud           Conj/Pois/Air  100%       N/A       1%          3
 Ozocubu's Armour         Ice            50%        N/A       1%          3
 Summon Guardian Golem    Hex/Summ       64%        N/A       1%          3
 Vhi's Electric Charge    Tloc/Air       100%       N/A       1%          3
 Volatile Blastmotes      Fire/Tloc      100%       2d18      1%          3
 Fulminant Prism          Conj/Hex       50%        3d23      1%          4
 Iskenderun's Mystic Bla  Conj/Tloc      100%       2d19      1%          4
 Leda's Liquefaction      Hex/Erth       44%        N/A       1%          4
 Summon Ice Beast         Ice/Summ       65%        N/A       1%          4
 Borgnjor's Vile Clutch   Necr/Erth      44%        N/A       1%          5
 Fireball                 Conj/Fire      63%        3d24      1%          5
 Freezing Cloud           Conj/Ice/Air   55%        6-21      1%          5
 Conjure Ball Lightning   Conj/Air       66%        3x3d25    1%          6
 Iron Shot                Conj/Erth      69%        9d13      1%          6
 Starburst                Conj/Fire      63%        6d17      1%          6
 Statue Form              Tmut/Erth      64%        N/A       1%          6
 Orb of Destruction       Conj           69%        9d16      1%          7
 Gell's Gravitas          Tloc           45%        N/A       2%          3
 Teleport Other           Tloc           45%        N/A       2%          3
 Tukima's Dance           Hex            45%        N/A       2%          3
 Blade Hands              Tmut           35%        N/A       2%          5
 Monstrous Menagerie      Summ           48%        N/A       2%          7
 Ensorcelled Hibernation  Hex/Ice        52%        N/A       3%          2
 Summon Forest            Summ/Tloc      32%        N/A       4%          5
 Summon Mana Viper        Hex/Summ       64%        N/A       4%          5
 Animate Dead             Necr           46%        N/A       8%          4
 Cause Fear               Hex            22%        N/A       9%          4
 Passage of Golubria      Tloc           45%        N/A       9%          4
 Anguish                  Hex/Necr       12%        N/A       26%         4
 Yara's Violent Unravell  Hex/Tmut       21%        3d10      26%         5
 Metabolic Englaciation   Hex/Ice        13%        N/A       54%         5
 Death Channel            Necr           23%        N/A       75%         6
 Haunt                    Necr/Summ      32%        N/A       83%         7
 Simulacrum               Ice/Necr       13%        N/A       98%         6
 Enfeeble                 Hex            22%        N/A       100%        7
 Discord                  Hex            22%        N/A       100%        8
 Disjunction              Tloc           22%        N/A       100%        8
 Death's Door             Necr           23%        N/A       100%        9


Dungeon Overview and Level Annotations

Branches:
Dungeon (15/15)            Temple (0/1) D:5            Lair (5/5) D:10
  Swamp (4/4) Lair:3       Spider (4/4) Lair:3        Slime (5/5) Lair:5
    Orc (2/2) D:10            Elf (3/3) Orc:2        Vaults (1/5) D:14
 Depths (4/4) D:15            Zot (5/5) Depths:4      IceCv (visited)
Volcano (visited)          WizLab (visited)

Altars:
Ashenzari
Cheibriados
Elyvilon
Fedhas
Hepliaklqana
Sif Muna
Xom
Yredelemnul
The Shining One
Jiyva

Shops:
D:8 *   D:10 (*(   D:12 (   Orc:2 [([*   Elf:2 *   Elf:3 (([   Depths:2 ?[[
Depths:3 (:*:

Portals:
Hell: Depths:1 Depths:2 Depths:3 Depths:4
Abyss: Depths:2 Depths:3
Pandemonium: Depths:1 Depths:2 Depths:3
Ziggurat: Depths:4
Trove: Depths:1 (give 2 scrolls of acquirement)

Annotations:
D:5 Ijyb
D:6 exclusion: downstairs
D:11 exclusion: obsidian statue
Elf:2 3 runed translucent doors
Zot:4 2 transporters


Innate Abilities, Weirdness & Mutations

You are small and have problems with some larger weapons.
You are completely attuned to the shadows.
Your natural rate of healing is unusually fast.
You have hidden genetic potential.


Message History

Magic restored.
There is a stone staircase leading up here.
You climb upwards.
There is a stone staircase leading down here.
HP restored.
There is a stone staircase leading up here.
You climb upwards.
There is a stone staircase leading down here.
You see here a +0 short sword.
There is a stone staircase leading up here.
You climb upwards.
There is a stone staircase leading down here.
There is a stone staircase leading up here.
You climb upwards.
There is a stone staircase leading down here.
A sun demon comes into view.
An ice devil comes into view.
A lich comes into view.
You see here a +0 short sword.
Casting: Lehudib's Crystal Spear (dangerous; 1% risk of failure)
Confirm with . or Enter, or press ? or * to list all spells.
You feel a surge of power!
You summon a servant imbued with your destructive magic!
You swap places.
The sun demon hits your spellforged servitor!
Your spellforged servitor is engulfed in flames.
Your spellforged servitor resists.
Your spellforged servitor casts a spell at the sun demon.
The crystal spear hits the sun demon!!!!
The sun demon dies!
You have reached level 27, the final one!
Your experience leads to an increase in your attributes!
Your base attributes are Str 5, Int 23, Dex 21.
Increase (S)trength, (I)ntelligence, or (D)exterity?
You feel clever. x2
The lich gestures at you while chanting.
The bolt of cold hits your spellforged servitor.
Your spellforged servitor resists.
The bolt of cold hits you! You resist.
You see here a +0 ring mail.
A hellwing comes into view.
The hellwing gives a chilling moan.
The hellwing swoops through the air toward you!
The hellwing completely misses you. x2
You feel yourself speed up.
Your spellforged servitor points at the lich and mumbles some strange words.
The crystal spear hits the lich!!!
A Brimstone Fiend comes into view.
The hellwing completely misses you.
The hellwing hits you but does no damage.
The Brimstone Fiend roars!
Binaatab comes into view.
Binaatab squeals, "Embrace thy doom, thou tasty mouthful!"
The hellwing closely misses you. x2
Something touches your spellforged servitor but does no damage.
Press: ? - help, v - describe, . - travel
Here: Binaatab The floor.
The bolt of cold hits your spellforged servitor.
Your spellforged servitor resists.
A bolt of cold appears from out of your range of vision.
A bolt of cold appears from out of your range of vision.
You see here a +0 ring mail.
Your extra speed is starting to run out.
You feel yourself slow down.
There is an open door here.
You sense a monster nearby.
A lich comes into view.
A Hell Sentinel comes into view.
Okay, then.
You feel yourself speed up.
Unknown command.
The lich mumbles some strange words.
The lich seems to speed up.
Aiming: Dig
Press: ? - help, Shift-Dir - straight line A rock wall.
This square is covered in magical glow.
The rock shatters into small pieces.
Aiming: Dig
Press: ? - help, Shift-Dir - straight line A rock wall.
This square is covered in magical glow.
The rock shatters into small pieces.
An ice devil comes into view.
Unknown command.
Ymmaaz comes into view.
The lich casts a spell at you. The bolt of cold misses you.
The ice devil completely misses you.
Ymmaaz barks, "I will feast on thy gizzard!"
Press: ? - help, v - describe, . - travel
Here: Ymmaaz An open door.
Blink to where?
Press: ? - help, Dir - move target
As you read the scroll of blinking, it crumbles to dust.
Unknown command.
A smoke demon comes into view.
There is an open door here.
There is a staircase leading out of the dungeon here.
Enter note: gg You have escaped!

#.###...###.#.#
#.#...{...#.#L#
#.#.⌠.#{⌠.#.#.#
##
#...{.#......##
#.
#....###...§##
##
####3.#..#&##
#..'.....'..#
#..###'###..#
#@.#.....#..# #
############# #
#


You could see a smoke demon.

Vanquished Creatures
  the Royal Jelly (Slime:5)
  5 dread liches (Zot:5)
  3 orbs of fire
  An ancient lich (Zot:5)
  5 Killer Klowns
  A curse toe (Zot:1)
  5 golden dragons
  Jory (Depths:3)
  A bone dragon (Zot:1)
  Jorgrun (Swamp:3)
  3 electric golems
  14 Orb Guardians (Zot:5)
  10 tentacled monstrosities
  A titan (Depths:3)
  A deep elf blademaster (Elf:3)
  9 quicksilver dragons
  2 deep elf master archers (Elf:3)
  Frances (D:12)
  18 acid blobs
  4 death cobs
  A thorn hunter (Swamp:4)
  4 storm dragons
  Gastronok (D:9)
  5 shadow dragons
  A sphinx (Depths:2)
  4 draconian monks (Zot:1)
  9 azure jellies
  8 rockslimes
  2 iron dragons (Zot:1)
  6 draconian knights
  2 frost giants
  The ghost of Vorhees the Warrior, an adept GrFi of Gozag (Spider:1)
  3 fire giants
  7 deep elf sorcerers (Elf:3)
  An emperor scorpion (Spider:4)
  3 draconian scorchers
  A cacodemon (WizLab)
  A ghoul (Swamp:4)
  2 draconian stormcallers
  3 deep elf elementalists (Elf:3)
  3 draconian shifters
  An angel (D:12)
  10 ghost moths
  A spriggan defender (Depths:3)
  2 draconian annihilators
  4 broodmothers
  A hydra skeleton (Swamp:4)
  8 quicksilver oozes
  2 stone giants
  6 green draconians
  An eleionoma (Swamp:3)
  4 very ugly things
  6 deep elf annihilators
  Nessos (D:12)
  6 deep elf demonologists
  9 spark wasps
  12 white draconians
  6 red draconians
  9 black draconians
  7 yellow draconians
  A bunyip (Swamp:2)
  4 purple draconians
  5 ettins
  5 deep elf death magi (Elf:3)
  2 entropy weavers
  Harold (D:9)
  3 shambling mangroves (Swamp:4)
  2 fire dragons
  3 deep elf high priests (Elf:3)
  Fannar (D:9)
  A great orb of eyes (Slime:5)
  A vault guard (D:14)
  5 catoblepae
  3 ice dragons
  8 hydras
  2 ogre magi (Orc:2)
  5 nameless horrors
  A radroach (Spider:2)
  A spriggan air mage (Depths:1)
  3 centaur warriors
  A death knight (D:15)
  9 alligators
  15 two-headed ogres
  5 tengu warriors
  10 boulder beetles
  13 dancing weapons
  2 deep troll shamans
  14 death yaks
  A deep troll earth mage (Depths:1)
  4 spriggan berserkers
  Urug (Orc:1)
  8 deep elf knights
  4 hell knights (Depths:3)
  A sun demon (D:14)
  2 iron trolls
  Amaemon (Lair:2)
  2 skeletal warriors
  A sixfirhy (Depths:2)
  A spectral spark wasp (Spider:1)
  2 skysharks
  4 pharaoh ants
  3 spriggan druids
  6 swamp dragons
  6 deep trolls
  5 orb spiders
  3 glowing orange brains
  14 deep elf archers
  A spectral ghost moth (Spider:1)
  A goliath frog (Swamp:1)
  8 bog bodies
  7 steelbarb worms
  8 wolf spiders
  26 deep elf pyromancers
  An orc knight (D:11)
  A wizard (D:15)
  16 deep elf zephyrmancers
  4 shining eyes (Slime:5)
  3 oklob plants (Swamp:4)
  21 ugly things
  4 manticores
  A faun (shapeshifter) (D:15)
  3 cyclopes
  3 will-o-the-wisps
  20 moths of wrath
  A rust devil (Depths:2)
  A black mamba (Lair:4)
  3 elephants (Lair:3)
  An eye of devastation (Slime:4)
  3 ice statues
  5 torpor snails
  2 gargoyles
  6 demonic crawlers
  An orange demon (Lair:2)
  Maggie (D:7)
  A hellion (Depths:1)
  An unseen horror (D:9)
  13 cane toads
  7 rime drakes
  3 freezing wraiths
  7 komodo dragons
  A komodo dragon (shapeshifter) (Elf:1)
  An unseen horror (shapeshifter) (D:14)
  4 yaktaurs (D:15)
  2 spark wasp simulacra (Spider:1)
  2 ice devils
  2 guardian mummies (Depths:1)
  2 polar bears
  8 tyrant leeches
  19 trolls
  Grinder (D:5)
  Prince Ribbit (D:9)
  A raiju (shapeshifter) (D:14)
  6 meliai (Spider:3)
  17 hornets
  A bloated husk (Swamp:1)
  2 broodmother simulacra (Spider:1)
  18 tarantellas
  15 dream sheep
  14 blink frogs
  37 slime creatures
  19 jumping spiders
  12 spriggans
  9 culicivoras
  A spriggan (shapeshifter) (Elf:2)
  2 air elementals
  2 water elementals
  4 shadows
  4 fire elementals
  11 humans (D:14)
  2 wraiths
  63 yaks
  A vampire (D:11)
  2 wyverns
  2 basilisks (Lair:2)
  A fire bat (Volcano)
  10 vampire mosquitoes
  9 golden eyes
  42 redbacks
  A warg (Orc:2)
  8 swamp worms
  12 water moccasins
  A floating eye (Slime:5)
  4 hell hounds
  An ice beast (D:7)
  12 orc warriors
  4 swamp drakes
  5 wolves
  2 black bears
  7 centaurs
  21 ogres
  2 phantoms
  5 kobold brigands
  2 earth elementals
  A gnoll sergeant (D:12)
  7 bullfrogs
  A necrophage (Swamp:4)
  2 scorpions
  12 wights
  2 elephant simulacra (IceCv)
  3 troll zombies (D:10)
  14 killer bees
  4 electric eels
  4 howler monkeys
  A hound (D:4)
  A jelly (D:6)
  10 orc priests
  A sleepcap (D:7)
  3 iguanas
  24 orc wizards
  5 ogre zombies (D:10)
  A wolf simulacrum (IceCv)
  8 gnolls
  7 adders
  A shadow imp (D:8)
  A white imp (D:7)
  An ufetubus (D:5)
  2 worms
  3 dart slugs
  73 orcs
  9 ball pythons
  5 endoplasms
  10 giant cockroaches
  8 goblins
  11 hobgoblins
  11 jackals
  8 quokkas
  4 bats
  6 frilled lizards
  A goblin skeleton (D:10)
  A goblin zombie (D:10)
  A hobgoblin skeleton (D:10)
  4 hobgoblin zombies (D:10)
  24 kobolds
  5 orc skeletons (D:10)
  13 orc zombies (D:10)
  4 rats
1384 creatures vanquished.

Vanquished Creatures (collateral kills)
  A dread lich (Zot:1)
  An orb of fire (Zot:5)
  Mara (Swamp:4)
  A Killer Klown (Zot:1)
  Xtahua (Depths:3)
  7 golden dragons
  A Tzitzimitl (WizLab)
  3 tentacled monstrosities
  11 Orb Guardians (Zot:5)
  4 quicksilver dragons
  3 death cobs
  7 acid blobs
  A sphinx (Depths:2)
  3 shadow dragons
  2 thorn hunters (Swamp:4)
  4 storm dragons
  5 draconian monks
  2 draconian knights
  3 fire giants
  6 frost giants
  3 emperor scorpions (Spider:4)
  2 rockslimes
  2 azure jellies
  2 balrugs (WizLab)
  A ghost moth (Spider:4)
  3 draconian scorchers
  A draconian shifter (Zot:2)
  3 ghouls (Swamp:4)
  11 very ugly things
  4 draconian stormcallers
  A reaper (WizLab)
  A draconian annihilator (Zot:5)
  A broodmother (Spider:4)
  6 black draconians
  7 stone giants
  2 vampire knights (Swamp:4)
  6 green draconians
  5 spark wasps
  8 red draconians
  8 purple draconians
  2 white draconians
  6 yellow draconians
  2 formless jellyfish (Slime:4)
  5 ettins
  A green death (WizLab)
  A yaktaur captain (Depths:4)
  7 fire dragons
  4 rakshasas
  An entropy weaver (Spider:4)
  A great orb of eyes (Slime:5)
  4 ice dragons
  2 radroaches
  4 hydras (Swamp:4)
  2 ghost crabs (Swamp:4)
  5 boulder beetles
  An alligator (Swamp:4)
  3 tengu warriors
  3 death yaks
  7 deep troll earth magi
  7 deep troll shamans
  2 soul eaters (WizLab)
  4 spriggans
  2 spriggan berserkers
  3 sun demons
  9 iron trolls
  A titan skeleton (Depths:1)
  3 skeletal warriors (D:14)
  2 hell knights (Depths:3)
  A spectral spark wasp (Spider:1)
  3 spriggan druids (Swamp:4)
  A flayed ghost (Depths:1)
  8 swamp dragons (Swamp:4)
  A shadow demon (WizLab)
  7 deep trolls
  5 orb spiders
  3 spectral hydras (Swamp:4)
  A goliath frog (Swamp:4)
  A wizard (Depths:1)
  A deep elf archer (Elf:1)
  2 phantasmal warriors (Swamp:4)
  2 nameless horrors
  2 necromancers (Depths:1)
  2 shining eyes
  2 will-o-the-wisps (Swamp:4)
  6 ugly things
  A wolf spider (shapeshifter) (Depths:2)
  A spectral radroach (Spider:1)
  3 wolf spiders (Spider:4)
  6 moths of wrath
  A demonic crawler (Spider:4)
  A fire giant skeleton (Depths:1)
  A black mamba (Lair:3)
  A torpor snail (Spider:4)
  A hellion (Depths:2)
  3 tengu conjurers
  A tormentor (WizLab)
  3 death drake zombies (Swamp:4)
  An ice devil (WizLab)
  A hydra zombie (Swamp:4)
  A golden dragon simulacrum (Depths:1)
  A guardian mummy (Zot:1)
  9 tarantellas
  2 red devils
  9 hornets
  A death drake skeleton (Swamp:4)
  5 jumping spiders (Spider:4)
  30 slime creatures
  4 ynoxinuls
  A water elemental (Depths:4)
  9 culicivoras
  3 golden eyes
  9 redbacks
  5 chaos spawn
  A neqoxec (Depths:1)
  A swamp worm (Swamp:4)
  3 hydra simulacra (Swamp:4)
  4 swamp drakes (Swamp:4)
  A radroach simulacrum (Spider:1)
  3 swamp dragon zombies (Swamp:4)
  A swamp dragon skeleton (Swamp:4)
  3 necrophages (Swamp:4)
  2 electric eels (Spider:4)
  A fire vortex (Depths:3)
420 creatures vanquished.

Vanquished Creatures (others)
  A rockslime (Slime:5)
  2 deep elf zephyrmancers (Elf:3)
  A bloated husk (Swamp:3)
  A tarantella (Spider:3)
  A redback (Spider:3)
  An orc (Orc:1)
  156 foxfires
163 creatures vanquished.

Grand Total: 1967 creatures vanquished

Notes
Turn   | Place    | Note
-------+----------+-------------------------------------------
     0 | D:1      | Flugkiller the Kobold Fire Elementalist began the quest for
                  | the Orb.
     0 | D:1      | Reached XP level 1. HP: 10/10 MP: 3/3
   136 | D:1      | Reached XP level 2. HP: 14/15 MP: 1/5
   447 | D:1      | Reached XP level 3. HP: 19/19 MP: 0/7
  1040 | D:1      | Reached skill level 1 in Fighting
  1160 | D:1      | Learned a level 2 spell: Scorch
  1193 | D:2      | Reached XP level 4. HP: 25/25 MP: 4/8
  1249 | D:2      | Identified the +0 leather armour of the Shining Light {rC+
                  | Int+7}
  2417 | D:3      | Reached XP level 5. HP: 29/29 MP: 6/9
  3257 | D:3      | Found a faded altar of an unknown god.
  3737 | D:4      | Reached XP level 6. HP: 31/34 MP: 10/10
  3805 | D:4      | Reached skill level 5 in Fire Magic
  3937 | D:4      | Found a white marble altar of Elyvilon.
  4461 | D:5      | Entered Level 5 of the Dungeon
  4465 | D:5      | Reached XP level 7. HP: 38/38 MP: 5/11
  4592 | D:5      | Found a broken altar of Ashenzari.
  4603 | D:5      | Noticed Grinder
  4629 | D:5      | Found a shimmering altar of Xom.
  4966 | D:5      | Became a worshipper of Ashenzari the Shackled
  5019 | D:5      | Reached skill level 1 in Short Blades
  5026 | D:5      | Killed Grinder
  5296 | D:5      | Noticed Ijyb
  5374 | D:5      | Found a staircase to the Ecumenical Temple.
  5517 | D:5      | Reached XP level 8. HP: 36/44 MP: 9/13
  5619 | D:5      | Identified the amulet of Tecoguax {RegenMP rC+}
  6045 | D:5      | Learned a level 4 spell: Flame Wave
  6297 | D:6      | Reached skill level 5 in Dodging
  6498 | D:6      | Reached * piety under Ashenzari
  6977 | D:7      | Reached XP level 9. HP: 18/51 MP: 10/15
  7508 | D:7      | Noticed Maggie
  7516 | D:7      | Killed Maggie
  7517 | D:7      | Reached skill level 5 in Spellcasting
  7961 | D:7      | Reached skill level 5 in Conjurations
  8325 | D:8      | Found a snail-covered altar of Cheibriados.
  8365 | D:8      | Reached ** piety under Ashenzari
  8640 | D:8      | Found Atiomof's Assorted Antiques.
  8675 | D:8      | Bought a pair of embroidered gloves for 240 gold pieces
  8680 | D:8      | Bought a sharpened brass wand for 128 gold pieces
  9031 | D:9      | Noticed Prince Ribbit
  9031 | D:9      | Noticed a hornet
  9191 | D:9      | Noticed Harold
  9244 | D:9      | Reached XP level 10. HP: 52/59 MP: 15/21
  9292 | D:9      | Noticed a komodo dragon
  9303 | D:9      | Killed a komodo dragon
  9461 | D:9      | Killed Prince Ribbit
 10066 | D:9      | Noticed Gastronok
 10081 | D:9      | Killed Gastronok
 10082 | D:9      | Reached skill level 10 in Conjurations
 10166 | D:9      | Reached XP level 11. HP: 63/63 MP: 17/24
 10316 | D:9      | Noticed a two-headed ogre
 10322 | D:9      | Killed a two-headed ogre
 10745 | D:9      | Killed Harold
 10975 | D:10     | Entered Level 10 of the Dungeon
 10997 | D:10     | Found Boutharu's Assorted Antiques.
 11002 | D:10     | Bought a silvery potion for 23 gold pieces
 11002 | D:10     | Bought a glowing ivory ring for 130 gold pieces
 11004 | D:10     | Found Saosibo's Antique Weapon Shop.
 11019 | D:10     | Reached *** piety under Ashenzari
 11098 | D:10     | Learned a level 7 spell: Orb of Destruction
 11106 | D:10     | Learned a level 7 spell: Spellforged Servitor
 11214 | D:10     | Found Ceewupti's Antique Weapon Emporium.
 11226 | D:10     | Reached skill level 1 in Summonings
 11227 | D:10     | Noticed Fannar
 11328 | D:9      | Killed Fannar
 11515 | D:10     | Found a staircase to the Lair.
 11741 | D:10     | Found a staircase to the Orcish Mines.
 11895 | D:10     | Found a hazy altar of Hepliaklqana.
 12207 | D:11     | Reached XP level 12. HP: 72/72 MP: 20/26
 12303 | D:11     | Noticed a two-headed ogre
 12309 | D:11     | Killed a two-headed ogre
 12326 | D:11     | Noticed a boulder beetle
 12448 | D:11     | Killed a boulder beetle
 12796 | D:11     | Noticed a two-headed ogre
 13029 | D:11     | Reached skill level 10 in Dodging
 13212 | D:11     | Noticed a two-headed ogre
 13218 | D:11     | Killed a two-headed ogre
 13219 | D:11     | Reached skill level 5 in Summonings
 13555 | Lair:1   | Entered Level 1 of the Lair of Beasts
 13694 | Lair:1   | Found a dark tunnel.
 13815 | Volcano  | Entered a volcano
 13844 | Volcano  | Noticed a two-headed ogre
 13870 | Volcano  | Noticed a two-headed ogre
 13876 | Volcano  | Killed a two-headed ogre
 13880 | Volcano  | Killed a two-headed ogre
 14152 | Volcano  | Noticed a two-headed ogre
 14341 | Volcano  | Killed a two-headed ogre
 14680 | Volcano  | Reached **** piety under Ashenzari
 14803 | Lair:1   | Noticed a death yak
 14804 | Lair:1   | Noticed a death yak
 14804 | Lair:1   | Noticed a death yak
 14817 | Lair:1   | Killed a death yak
 14818 | Lair:1   | Reached XP level 13. HP: 76/76 MP: 13/27
 15340 | Lair:1   | Reached skill level 5 in Fighting
 16607 | Lair:2   | Noticed Amaemon
 16610 | Lair:2   | Killed Amaemon
 16925 | Lair:2   | Reached skill level 15 in Conjurations
 17532 | Lair:3   | Reached XP level 14. HP: 88/88 MP: 23/30
 17545 | Lair:3   | Found a hole to the Spider Nest.
 17678 | Lair:3   | Reached ***** piety under Ashenzari
 18445 | Lair:3   | Found a staircase to the Swamp.
 19087 | Lair:4   | Reached skill level 10 in Spellcasting
 19339 | Lair:4   | Reached skill level 5 in Evocations
 19681 | Lair:4   | Reached skill level 10 in Summonings
 19981 | Lair:5   | Entered Level 5 of the Lair of Beasts
 19995 | Lair:5   | Found a frozen archway.
 20001 | IceCv    | Entered an ice cave
 20051 | IceCv    | Found a transporter.
 20063 | IceCv    | Identified the +0 ring mail of Xovvuj {Harm rN+ Regen+}
 20065 | IceCv    | Found a transporter.
 20922 | Lair:5   | Reached XP level 15. HP: 91/92 MP: 10/32
 20967 | Lair:5   | Found a staircase to the Slime Pits.
 20967 | Lair:5   | Found a viscous altar of Jiyva.
 21013 | Lair:5   | Reached skill level 1 in Staves
 22396 | Lair:5   | Found the +2 cloak of the Thief {*Fog Slay-2 SInv Stlth+}
 22606 | D:10     | Bought a runed scarf for 208 gold pieces
 23043 | Orc:1    | Entered Level 1 of the Orcish Mines
 23309 | Orc:1    | Noticed Urug
 23313 | Orc:1    | Killed Urug
 23496 | Orc:2    | Entered Level 2 of the Orcish Mines
 23504 | Orc:2    | Found a staircase to the Elven Halls.
 24365 | Orc:2    | Found Nage's Antique Armour Shop.
 24365 | Orc:2    | Found Urop's General Store.
 24410 | Orc:2    | Found Feites's Antique Weapon Boutique.
 24429 | Orc:2    | Found Impoeb's Antique Armour Shop.
 24719 | D:12     | Noticed Frances
 24819 | D:12     | Found Yrghaibi's Weapon Boutique.
 24861 | D:12     | Reached ****** piety under Ashenzari
 24890 | D:12     | Killed Frances
 24891 | D:12     | Reached XP level 16. HP: 100/100 MP: 18/35
 24911 | D:12     | Noticed Nessos
 24925 | D:12     | Killed Nessos
 25967 | D:13     | Reached skill level 5 in Staves
 26041 | D:13     | Identified the Quarto of Spectral Ensorcelling
 27170 | D:14     | Found a gate to the Vaults.
 27609 | D:15     | Entered Level 15 of the Dungeon
 28914 | D:15     | Found a staircase to the Depths.
 29302 | Swamp:1  | Entered Level 1 of the Swamp
 29522 | Swamp:1  | Reached XP level 17. HP: 35/106 MP: 5/37
 30794 | Swamp:2  | Reached skill level 10 in Evocations
 31125 | Swamp:2  | Found a basalt altar of Yredelemnul.
 31737 | Swamp:3  | Noticed a tentacled monstrosity
 32156 | Swamp:3  | Killed a tentacled monstrosity
 32284 | Swamp:3  | Reached skill level 15 in Dodging
 32491 | Swamp:3  | Noticed Jorgrun
 32495 | Swamp:3  | Killed Jorgrun
 33047 | Swamp:4  | Entered Level 4 of the Swamp
 33239 | Elf:1    | Entered Level 1 of the Elven Halls
 33686 | Elf:1    | Identified Waell's Almanac of Blasts
 33699 | Elf:1    | Learned a level 5 spell: Irradiate
 33816 | Elf:1    | Reached skill level 1 in Transmutations
 33853 | Elf:1    | Reached XP level 18. HP: 112/112 MP: 31/38
 34014 | Elf:1    | Found a shimmering blue altar of Sif Muna.
 34738 | Elf:2    | Found Myodaaz's Assorted Antiques.
 34893 | Elf:2    | Found a runed translucent gate.
 34894 | Elf:2    | Found a runed translucent gate.
 34894 | Elf:2    | Found a runed translucent gate.
 35158 | Elf:3    | Entered Level 3 of the Elven Halls
 35240 | Elf:3    | Reached skill level 10 in Fighting
 35347 | Elf:3    | Found Tagi's Weapon Shoppe.
 35480 | Elf:3    | Found Poir's Antique Weapon Shop.
 35575 | Elf:3    | Found Tupeir's Antique Armour Shoppe.
 35580 | Elf:3    | Bought a distressingly furry helmet for 256 gold pieces
 35580 | Elf:3    | Identified the +3 helmet "Ismay" {Contam Str+3 Slay+3 SInv}
                  | (You bought it in a shop on level 3 of the Elven Halls)
 35745 | Elf:3    | Noticed a deep elf blademaster
 35749 | Elf:3    | Killed a deep elf blademaster
 35917 | Elf:3    | Identified the +9 flail of Contradiction {flame, Str+3}
 36089 | Elf:3    | Noticed a deep elf master archer
 36099 | Elf:3    | Killed a deep elf master archer
 36378 | Elf:3    | Identified the +8 morningstar of the Reaper {protect, rPois
                  | rC+}
 36447 | Elf:3    | Noticed a deep elf master archer
 36452 | Elf:3    | Killed a deep elf master archer
 36465 | Elf:3    | Reached XP level 19. HP: 67/121 MP: 17/38
 36604 | Elf:3    | Identified the +2 trident "Blob" {spect, rF- rC++ Str+2
                  | Int+2} (You took it off a deep elf annihilator on level 3
                  | of the Elven Halls)
 36658 | Elf:3    | Identified the +1 leather armour of Jawil {rN+ Will+ Dex+4}
 36788 | Elf:3    | Identified the +0 long sword of the Brewing Spider {drain,
                  | rF+}
 36818 | Elf:3    | Identified the +5 dire flail "Tyvuutse" {freeze, rC+ Int+2
                  | Dex+2}
 37303 | Orc:2    | Bought the +3 crown of Dyrovepreva {rElec Int+2 SInv} for
                  | 1324 gold pieces
 37303 | Orc:2    | Found the +3 crown of Dyrovepreva {rElec Int+2 SInv}
 37438 | Spider:1 | Entered Level 1 of the Spider Nest
 37707 | Spider:1 | Learned a level 8 spell: Maxwell's Capacitive Coupling
 37928 | Spider:1 | Reached skill level 1 in Air Magic
 37976 | Spider:1 | Found a runed translucent gate.
 37977 | Spider:1 | Found a runed translucent gate.
 37978 | Spider:1 | Found a runed translucent gate.
 38361 | Spider:1 | Noticed Vorhees's ghost (adept GrFi)
 38377 | Spider:1 | Killed Vorhees's ghost
 38891 | Spider:2 | Reached skill level 5 in Air Magic
 41412 | Spider:3 | Identified the Discourse on the Swarm
 41711 | Spider:3 | Learned a level 3 spell: Swiftness
 42517 | Spider:3 | Reached XP level 20. HP: 127/127 MP: 34/40
 42527 | Spider:3 | Learned a level 6 spell: Plasma Beam
 42614 | Spider:4 | Entered Level 4 of the Spider Nest
 42632 | Spider:4 | Reached skill level 10 in Air Magic
 43698 | Spider:4 | Got a gossamer rune of Zot
 44011 | Vaults:1 | Entered Level 1 of the Vaults
 44274 | Slime:1  | Entered Level 1 of the Pits of Slime
 45143 | Slime:5  | Entered Level 5 of the Pits of Slime
 45593 | Slime:5  | Reached XP level 21. HP: 96/132 MP: 32/41
 45769 | Slime:5  | Noticed the Royal Jelly
 46020 | Slime:5  | Killed the Royal Jelly
 46021 | Slime:5  | Reached skill level 10 in Fire Magic
 46033 | Slime:5  | Identified the amulet of Tender Moments {Spirit rN+ Int+4}
 46034 | Slime:5  | Identified the +9 halberd "Saoret" {venom, rN++ Int+3}
 46635 | Slime:5  | Identified the +7 sling "Yla Waas" {freeze, rElec rPois
                  | Will+}
 46659 | Slime:5  | Identified the amulet of Morality {Spirit rElec}
 46667 | Slime:5  | Reached skill level 15 in Air Magic
 46698 | Slime:5  | Identified the +4 short sword "Kur Ropnu" {heavy, Drain rN+
                  | Will+ Dex+3}
 46699 | Slime:5  | Identified the Octavo of Misery and Fog
 46732 | Slime:5  | Identified the +1 longbow "Ganesm" {speed, Dex+3}
 46733 | Slime:5  | Identified the staff of air "Vareuk Emap" {*Slow rElec rC+
                  | rCorr Dex+6}
 46782 | Slime:5  | Got a slimy rune of Zot
 46908 | Slime:2  | Reached skill level 1 in Earth Magic
 47489 | Depths:1 | Entered Level 1 of the Depths
 47841 | Depths:1 | Found a portal to a secret trove of treasure.
 48022 | Depths:1 | Reached skill level 5 in Earth Magic
 48753 | Depths:1 | Found a gateway to Hell.
 48894 | Depths:1 | Gained mutation: You are weak. (Str -2) [a neqoxec]
 48956 | Depths:1 | Found a one-way gate leading to the halls of Pandemonium.
 49518 | Depths:2 | Reached XP level 22. HP: 130/137 MP: 42/42
 49605 | Depths:2 | Reached skill level 10 in Earth Magic
 49614 | Depths:2 | Learned a level 8 spell: Lehudib's Crystal Spear
 49954 | Depths:2 | Found a one-way gate to the infinite horrors of the Abyss.
 50350 | Depths:2 | Found Godustryr's Antique Armour Shoppe.
 50352 | Depths:2 | Found Hemut's Armour Emporium.
 50354 | Depths:2 | Found Binext's Magic Scroll Shoppe.
 51078 | Depths:3 | Noticed Xtahua
 51363 | Depths:3 | Noticed Jory
 51385 | Depths:3 | Gained mutation: Armour fits poorly on your strangely
                  | shaped body. [mutagenic glow]
 51389 | Depths:3 | Killed Jory
 51439 | Depths:3 | Found a magical portal.
 51458 | WizLab   | Entered Doroklohe's Tomb
 51980 | WizLab   | Identified the +1 chain mail of Complete Protection {rCorr
                  | Slay+3 Stlth-}
 52263 | Depths:3 | Found Doinim's Book Shop.
 52266 | Depths:3 | Found Xibizxoetil's Book Boutique.
 52266 | Depths:3 | Found Plog's Weapon Shop.
 52279 | Depths:3 | Found Goanant's Assorted Antiques.
 52296 | Depths:3 | Bought a potion of heal wounds for 100 gold pieces
 52479 | Depths:3 | Paralysed by Xtahua for 4 turns
 52481 | Depths:3 | Killed Xtahua
 52776 | Depths:3 | Reached XP level 23. HP: 142/142 MP: 34/44
 53060 | Depths:3 | Noticed a golden dragon
 53081 | Depths:3 | Killed a golden dragon
 53628 | Depths:3 | Found a gateway to a bazaar.
 53635 | Bazaar   | Entered a bazaar
 53641 | Bazaar   | Found Roegosad's Assorted Antiques.
 53650 | Bazaar   | Found Dotuts's General Store.
 53658 | Bazaar   | Found Ruoph's General Store.
 53667 | Bazaar   | Found Mapot's Armour Shop.
 53676 | Bazaar   | Found Adwem's Antique Armour Shoppe.
 53707 | Bazaar   | Bought a potion of heal wounds for 65 gold pieces
 53715 | Bazaar   | Bought a potion of mutation for 72 gold pieces
 53715 | Bazaar   | Bought a potion of mutation for 72 gold pieces
 53723 | Bazaar   | Bought a potion of magic for 104 gold pieces
 53723 | Bazaar   | Bought a potion of magic for 104 gold pieces
 53769 | Depths:3 | Found a glowing golden altar of the Shining One.
 53775 | Depths:4 | Entered Level 4 of the Depths
 54243 | Depths:4 | Found a gate to the Realm of Zot.
 54510 | Depths:4 | Found a one-way gateway to a ziggurat.
 55364 | Depths:3 | Bought the Discourse on Spelunking for 480 gold pieces
 55598 | Orc:2    | Bought a pair of bloodstained boots for 294 gold pieces
 55598 | Orc:2    | Identified the +0 pair of boots of the Orcish Mines {Will+
                  | Int+2} (You bought it in a shop on level 2 of the Orcish
                  | Mines)
 56130 | Swamp:4  | Reached skill level 15 in Earth Magic
 56210 | Swamp:4  | Noticed Mara
 56214 | Swamp:4  | Killed Mara
 57609 | Swamp:4  | Found a basalt altar of Yredelemnul.
 58129 | Swamp:4  | Found a blossoming altar of Fedhas.
 58155 | Swamp:4  | Got a decaying rune of Zot
 58171 | Swamp:4  | Learned a level 2 spell: Blink
 58181 | Swamp:4  | Learned a level 9 spell: Shatter
 58505 | Zot:1    | Entered Level 1 of the Realm of Zot
 58506 | Zot:1    | Noticed a golden dragon
 58512 | Depths:4 | Reached XP level 24. HP: 104/148 MP: 34/44
 58769 | Zot:1    | Noticed a golden dragon
 58778 | Zot:1    | Killed a golden dragon
 58788 | Zot:1    | Killed a golden dragon
 59163 | Zot:1    | Identified the cursed scarf of Cremastomancy {rC+ rF+,
                  | Elem, Cun} (You bought it in a shop on level 10 of the
                  | Dungeon)
 59163 | Zot:1    | Identified the cursed +1 pair of gloves of the Ensconced
                  | Gloom {Dex+3, Cun, Comp} (You found it in a volcano)
 59163 | Zot:1    | Identified the cursed +2 pair of boots "Gaze Upon Infinity"
                  | {Cun, Alch} (You found it on level 2 of the Dungeon)
 59573 | Zot:1    | Noticed a golden dragon
 59577 | Zot:1    | Killed a golden dragon
 59670 | Zot:1    | Noticed a golden dragon
 59674 | Zot:1    | Killed a golden dragon
 60243 | Zot:1    | Lost mutation: Armour fits poorly on your strangely shaped
                  | body. [potion of mutation]
 60243 | Zot:1    | Lost mutation: You are weak. (Str -2) [potion of mutation]
 60243 | Zot:1    | Gained mutation: You are somewhat resistant to further
                  | mutation. [potion of mutation]
 60592 | Zot:1    | Noticed a Killer Klown
 60598 | Zot:1    | Killed a Killer Klown
 60680 | Zot:1    | Noticed a curse toe
 60683 | Zot:1    | Killed a curse toe
 60716 | Zot:1    | Noticed a dread lich
 60718 | Zot:1    | Killed a dread lich
 60725 | Zot:1    | Noticed a golden dragon
 60728 | Zot:1    | Killed a golden dragon
 60786 | Zot:1    | Noticed a Killer Klown
 60790 | Zot:1    | Killed a Killer Klown
 61808 | Zot:2    | Noticed a golden dragon
 61813 | Zot:2    | Killed a golden dragon
 62044 | Zot:2    | Noticed a golden dragon
 62047 | Zot:2    | Killed a golden dragon
 62193 | Zot:2    | Reached XP level 25. HP: 124/152 MP: 16/44
 63866 | Zot:3    | Reached skill level 15 in Spellcasting
 64629 | Zot:4    | Noticed an orb of fire
 64633 | Zot:4    | Killed an orb of fire
 65238 | Zot:4    | Found a transporter.
 65456 | Zot:4    | Found a transporter.
 65754 | Zot:5    | Entered Level 5 of the Realm of Zot
 66598 | Zot:5    | Reached XP level 26. HP: 133/160 MP: 36/47
 66721 | Zot:5    | Noticed an ancient lich
 66724 | Zot:5    | Killed an ancient lich
 66727 | Zot:5    | Noticed an orb of fire
 66730 | Zot:5    | Gained mutation: You are occasionally teleported next to
                  | monsters. [an orb of fire]
 66731 | Zot:5    | Killed an orb of fire
 66743 | Zot:5    | Noticed an orb of fire
 66748 | Zot:5    | Killed an orb of fire
 66748 | Zot:5    | Noticed a Killer Klown
 66757 | Zot:5    | Killed a Killer Klown
 66783 | Zot:5    | Lost mutation: You are somewhat resistant to further
                  | mutation. [potion of mutation]
 66783 | Zot:5    | Lost mutation: You are occasionally teleported next to
                  | monsters. [potion of mutation]
 66783 | Zot:5    | Gained mutation: You have sharp fingernails. [potion of
                  | mutation]
 66783 | Zot:5    | Gained mutation: You are weak. (Str -2) [potion of
                  | mutation]
 66783 | Zot:5    | Gained mutation: You are frail. (-10% HP) [potion of
                  | mutation]
 66796 | Zot:5    | Lost mutation: You are weak. (Str -2) [potion of mutation]
 66796 | Zot:5    | Lost mutation: You are frail. (-10% HP) [potion of
                  | mutation]
 66796 | Zot:5    | Lost mutation: You have sharp fingernails. [potion of
                  | mutation]
 66796 | Zot:5    | Gained mutation: You are strong-willed. (Will+) [potion of
                  | mutation]
 67045 | Zot:5    | Noticed a dread lich
 67070 | Zot:5    | Noticed a Killer Klown
 67095 | Zot:5    | Killed a Killer Klown
 67235 | Zot:5    | Noticed a Killer Klown
 67425 | Zot:5    | Killed a dread lich
 67523 | Zot:5    | Killed a Killer Klown
 67575 | Zot:5    | Noticed a dread lich
 67578 | Zot:5    | Killed a dread lich
 67839 | Zot:5    | Noticed a dread lich
 67862 | Zot:5    | Killed a dread lich
 68383 | Zot:5    | Noticed a dread lich
 68385 | Zot:5    | Noticed a Killer Klown
 68387 | Zot:5    | Killed a dread lich
 68389 | Zot:5    | Noticed an orb of fire
 68392 | Zot:5    | Gained mutation: You occasionally lose the ability to read
                  | scrolls when taking damage. [an orb of fire]
 68396 | Zot:5    | Identified the cursed staff of conjuration "Urgency of
                  | Ashenzari" {Bglg, Evo} (You found it on level 5 of the
                  | Dungeon)
 68396 | Zot:5    | Identified the cursed ring "Perceptive Seer" {Will+, Self,
                  | Elem} (You found it on level 5 of the Pits of Slime)
 68396 | Zot:5    | Identified the cursed ring of Supernal Gnosis {rF+, Elem,
                  | Comp} (You found it on level 10 of the Dungeon)
 68891 | Orc:2    | Bought a potion of haste for 140 gold pieces
 68891 | Orc:2    | Bought a potion of haste for 140 gold pieces
 69060 | D:8      | Bought a potion of haste for 320 gold pieces
 69416 | Zot:5    | Killed a Killer Klown
 69497 | Zot:5    | Noticed a dread lich
 69498 | Zot:5    | Gained mutation: You are clumsy. (Dex -2) [an orb of fire]
 69502 | Zot:5    | Killed an orb of fire
 69503 | Zot:5    | Killed a dread lich
 69866 | Zot:5    | Lost mutation: You are strong-willed. (Will+) [potion of
                  | mutation]
 69866 | Zot:5    | Lost mutation: You occasionally lose the ability to read
                  | scrolls when taking damage. [potion of mutation]
 69866 | Zot:5    | Gained mutation: Your body sometimes deteriorates upon
                  | taking damage. [potion of mutation]
 69866 | Zot:5    | Gained mutation: You are robust. (+10% HP) [potion of
                  | mutation]
 69867 | Zot:5    | Lost mutation: You are clumsy. (Dex -2) [potion of
                  | mutation]
 69867 | Zot:5    | Lost mutation: Your body sometimes deteriorates upon taking
                  | damage. [potion of mutation]
 69867 | Zot:5    | Lost mutation: You are robust. (+10% HP) [potion of
                  | mutation]
 69867 | Zot:5    | Gained mutation: Your natural rate of healing is unusually
                  | fast. [potion of mutation]
 69867 | Zot:5    | Gained mutation: You have hidden genetic potential. [potion
                  | of mutation]
 69874 | Zot:5    | Got the Orb of Zot
 70029 | Depths:1 | Noticed Ufikh the pandemonium lord
 70369 | D:1      | Reached XP level 27. HP: 165/165 MP: 45/51
 70378 | D:1      | Noticed Binaatab the pandemonium lord
 70446 | D:1      | Noticed Ymmaaz the pandemonium lord
 70457 | D:1      | gg
 70458 | D:$      | Escaped with the Orb!

Illustrated notes

#.###...###.#.#
#.#....{..#.#L#
#.#.⌠.#{⌠.#.#.#
##
#...{.#......##
#.
#....###...§##
##
####3.#..#&##
#..'.....'..#
#..###'###..#
#@.#.....#..# #
############# #
#


Turn 70457 on D:1: gg

Levels and vault maps discovered:
D:1:      dpeg_arrival_court, layout_basic, serial_park_tiny_1,
          minmay_split_cup_large
D:2:      minmay_inner_zag, layout_loops_cross
D:3:      layout_basic, shapermc_ecumenical_altar_acropolis, st_stairs_1,
          feat_on_display
D:4:      kennysheep_six_static_rooms, layout_loops_ring, elyvilon_altar_5
D:5:      layout_loops_corners, mainiacjoe_overflow_catwalk_spiral,
          minmay_temple_entry_fiery, uniq_ijyb, uniq_grinder
D:6:      layout_gridville
D:7:      layout_loops_ring, uniq_maggie
D:8:      layout_basic, mainiacjoe_overflow_brackets, serial_shops,
          nicolae_inconvenience_store, minmay_manual_mares
D:9:      layout_long_grid, kennysheep_kite_vault, uniq_prince_ribbit1,
          uniq_gastronok, uniq_harold
D:10:     layout_basic, mainiacjoe_overflow_catwalk, lair_entry_dummy,
          zombieorc2_lemuel, serial_shops, nicolae_shop_dealshenge,
          nicolae_shop_tiny_statue_garden, shop, dreamdust_wishing_well,
          grunt_decor_arrowhead, uniq_fannar
D:11:     layout_loops_ring, special_room [special_room_orc],
          minmay_statue_bubble
D:12:     layout_rooms, serial_shops, shop, uniq_nessos, uniq_frances
D:13:     layout_gridville
D:14:     layout_loops_ring, ximxim_vaults_locker_room
D:15:     gammafunk_enter_depths_forms, layout_loops_ring, serial_bayou_shore_b,
          feat_on_display
Lair:1:   layout_roguey, enter_volcano_3, lemuel_fruit_tree, grunt_megastairs_2,
          serial_bayou_shore_a
Lair:2:   layout_chaotic_city, uniq_amaemon
Lair:3:   layout_cave_pods, skrybe_swamp_entry_bodies, spider_nest_entry_rubble,
          hangedman_lair_generics_rect
Lair:4:   layout_regular_city, grunt_megastairs_1
Lair:5:   evilmike_catoblepas_cave, layout_cave_pods, slime_entry_1,
          portal_ice_cave_rime
Swamp:1:  layout_basic_swamp, wheals_swamp_sinkhole, swamp_pool4
Swamp:2:  layout_basic_swamp, nicolae_swamp_godswood,
          infiniplex_staircase_pool_2
Swamp:3:  layout_falls_marsh, nicolae_swamp_round_clearing, swamp_pool5,
          uniq_jorgrun
Swamp:4:  byrel_swamp_growth_death_and_undeath, layout_basic_swamp, uniq_mara
Spider:1: layout_spider_delve, gammafunk_ghost_necromancy, guppyfry_hornet_nest
Spider:2: layout_chambers, nicolae_spider_bzzzt
Spider:3: layout_chambers, nicolae_spider_checkerboard
Spider:4: spider_rune_water
Slime:1:  layout_caves
Slime:2:  layout_caves
Slime:3:  layout_caves
Slime:4:  layout_caves, nicolae_slime_rock_hall_of_fame
Slime:5
Orc:1:    layout_caves, uniq_urug
Orc:2:    st_orc_open, layout_diamond_mine, nicolae_orc_tapped_out
Elf:1:    minmay_elf_arrival_circle, layout_geoelf_octagon, basic_altar,
          minmay_elf_annihilation
Elf:2:    nicolae_elf_blades_crystal_corner, layout_geoelf_octagon,
          serial_shops, shop, grunt_megastairs_5
Elf:3:    minmay_elf_hall_not_hex, layout_loops_ring, serial_shops,
          nicolae_shop_bloodbath_and_beyond, nicolae_shop_tiny_waterfront,
          nicolae_shop_tiny_statue_garden, corexii_checkpoint_b
Vaults:1: v_misc_9, nicolae_vaults_windows_and_doors_thing, grunt_vaults_swirl,
          nicolae_vaults_wrenched, nicolae_vaults_closet_pinwheel_2,
          hangedman_vaults_capsules, nicolae_vaults_variable_pillar_hall,
          layout_vaults_omnigrid
Depths:1: layout_gridlike, chequers_serial_rivers_small_3,
          nicolae_trove_entry_path_of_doom, rand_demon_pan_entry_8, hell_entry,
          hangedman_stitches_earthworm
Depths:2: nooodl_glass_maze, layout_cave_shapes, minmay_misc_feat_five,
          rand_demon_pan_entry_1, abyss_entry_glasseish, hell_entry,
          minmay_shop_star
Depths:3: minmay_glassy_protrusions, layout_basic, grunt_pan_entry_spiral,
          abyss_entry_small_statue_room, serial_shops, statue_bzr,
          infiniplex_enter_wizlab_glasses, nrook_campfire, hell_entry,
          tso_oasis_becter, serial_bayou_shore_b, minmay_shoptagon,
          infiniplex_staircase_pool_lava, uniq_jory, uniq_xtahua
Depths:4: grunt_crosshair, layout_cave_shapes, enter_ziggurat_b,
          grunt_hell_entry_dis_grunt, hangedman_decor_peaks_small,
          serial_bayou_shore_b, uniq_margery
Zot:1:    layout_misc_corridors, hangedman_player_shredder
Zot:2:    layout_misc_corridors
Zot:3:    layout_misc_corridors
Zot:4:    layout_cathedral_of_symmetry,
          chequers_guarded_unrand_mask_of_the_dragon
Zot:5:    layout_misc_corridors

Skill      XL: |  1  2  3  4  5  6  7  8  9 10 11 12 13 14 15 16 17 18 19 20 21 22 23 24 25 26 |
---------------+-------------------------------------------------------------------------------+-----
Conjurations   | 2 3 5 10 13 14 15 16 17 18 19 | 19.5
Spellcasting   | 3 4 6 7 9 10 12 13 14 17 21 | 21.5
Fighting       | 1 2 3 4 7 8 11 | 11.9
Dodging        | 3 4 5 7 8 9 11 12 13 15 | 15.9
Fire Magic     | 4 6 7 9 10 | 10.0
Short Blades   | 2 3 |  3.2
Evocations     | 4 8 9 10 11 | 11.9
Summonings     | 3 7 8 10 | 10.4
Staves         | 3 9 |  9.8
Transmutations | 1 3 |  3.7
Air Magic      | 9 13 15 | 15.0
Earth Magic    | 9 12 17 20 21 | 21.5
Stealth        | |  2.6

Action                     |  1- 3 |  4- 6 |  7- 9 | 10-12 | 13-15 | 16-18 | 19-21 | 22-24 | 25-27 || total
---------------------------+-------+-------+-------+-------+-------+-------+-------+-------+-------++-------
  Melee: Dagger            |    35 |    60 |    49 |    93 |    52 |       |       |       |       ||   289
         Unarmed           |     1 |       |       |       |       |       |       |       |       ||     1
         Punch             |       |       |     1 |       |       |       |       |       |       ||     1
         Staff             |       |       |       |       |    42 |    25 |   272 |   187 |    49 ||   575
  Throw: Dart              |       |       |       |     1 |     1 |     2 |       |       |       ||     4
   Cast: Foxfire           |    37 |    43 |    15 |       |     1 |       |       |       |       ||    96
         Scorch            |       |    51 |    61 |   128 |    31 |    51 |       |     1 |       ||   323
         Flame Wave        |       |       |    17 |    53 |    73 |    54 |    47 |     1 |       ||   245
         Orb of Destructio |       |       |       |     8 |   170 |   277 |   116 |       |       ||   571
         Spellforged Servi |       |       |       |       |     5 |     5 |    59 |   154 |    81 ||   304
         Irradiate         |       |       |       |       |       |    10 |    67 |    36 |     7 ||   120
         Maxwell's Capacit |       |       |       |       |       |       |    10 |     1 |       ||    11
         Plasma Beam       |       |       |       |       |       |       |    76 |    42 |       ||   118
         Lehudib's Crystal |       |       |       |       |       |       |       |    94 |   162 ||   256
         Shatter           |       |       |       |       |       |       |       |       |    10 ||    10
 Invoke: Curse Item        |       |       |     3 |     3 |     4 |       |       |       |     2 ||    12
         Shatter the Chain |       |       |       |       |     1 |     1 |     1 |       |     1 ||     4
  Evoke: Wand              |       |       |       |     3 |       |     5 |     1 |    12 |     9 ||    30
         Phial of floods   |       |       |       |       |       |       |       |     1 |       ||     1
         Condenser vane    |       |       |       |       |       |       |       |     1 |       ||     1
    Use: Potion            |     1 |       |       |     2 |     1 |     2 |    13 |    19 |    21 ||    59
         Scroll            |       |     5 |     9 |     1 |     4 |     1 |     5 |     1 |    10 ||    36
   Stab: Sleeping          |     6 |     6 |     3 |     2 |     1 |       |     1 |       |       ||    19
         Distracted        |     1 |       |       |       |     1 |     1 |     3 |     6 |     4 ||    16
 Armour: Robe              |     2 |       |       |       |       |       |       |       |       ||     2
         Leather armour    |       |     9 |    26 |    67 |    37 |    18 |    84 |    38 |    11 ||   290
  Dodge: Dodged            |    16 |    36 |    66 |   236 |   271 |   216 |   646 |   332 |   160 ||  1979

Table legend: (Time is in decaauts)
 A = Elapsed time spent in this place.
 B = Non-inter-level travel time spent in this place.
 C = Inter-level travel time spent in this place.
 D = Time resting spent in this place.
 E = Time spent auto-exploring this place.
 F = Levels seen in this place.
 G = Mean time per level.
                   A        B        C        D        E       F      G
               +--------+--------+--------+--------+--------+-----+--------+
         Total |  70767 |  64190 |   6577 |  22740 |  27805 |  52 | 1360.9 |
       Dungeon |  20671 |  17535 |   3136 |   4713 |  10072 |  15 | 1378.1 |
          Lair |   8758 |   7467 |   1291 |   2011 |   3977 |   5 | 1751.6 |
         Swamp |   6265 |   5883 |    382 |   2489 |   2139 |   4 | 1566.2 |
   Spider Nest |   6283 |   6139 |    144 |   1980 |   3011 |   4 | 1570.8 |
    Slime Pits |   2860 |   2667 |    193 |   1509 |    273 |   5 |  572.0 |
  Orcish Mines |   1952 |   1560 |    392 |    426 |    809 |   2 |  976.0 |
   Elven Halls |   3950 |   3800 |    150 |   1307 |   1541 |   3 | 1316.7 |
        Vaults |     16 |     16 |      0 |      0 |      0 |   1 |   16.0 |
        Depths |   7291 |   6844 |    447 |   2193 |   3123 |   4 | 1822.8 |
           Zot |  10581 |  10142 |    439 |   4960 |   2645 |   5 | 2116.2 |
        Bazaar |    116 |    116 |      0 |      0 |     59 |   1 |  116.0 |
      Ice Cave |    316 |    316 |      0 |    239 |      0 |   1 |  316.0 |
       Volcano |    923 |    923 |      0 |    506 |      0 |   1 |  923.0 |
        Wizlab |    780 |    780 |      0 |    406 |    154 |   1 |  780.0 |
               +--------+--------+--------+--------+--------+-----+--------+

Top non-repeatable levels by time:
   Zot:1: 2773 daAuts
   Zot:5: 2623 daAuts
  Lair:5: 2400 daAuts
Depths:3: 2319 daAuts
Spider:2: 2118 daAuts
 Swamp:4: 2111 daAuts
     D:9: 2052 daAuts
    D:15: 2045 daAuts
Depths:1: 2023 daAuts
 Swamp:3: 1961 daAuts
  Lair:3: 1961 daAuts
   Zot:4: 1933 daAuts
Spider:3: 1870 daAuts
  Lair:1: 1772 daAuts
   Zot:2: 1765 daAuts
